TOP OF THE 1ST |
University of Southern California Trojans batting - Pitching for University of Alabama Crimson Tide : RHP Lida Sestak
|
Pitching: RHP Lida Sestak
|
|
Batting: LHB Jackson Wither
|
0-0: Ball 1-0: Called Strike 1-1: Ground out 5-3 (Groundball, 56, EV 104.4 MPH)
|
Batting: RHB Dermott Ayliffe
|
0-0: DOUBLE (Flyball, 8LD, EV 106.2 MPH)
|
Batting: RHB Carlos Livas
|
0-0: Called Strike 0-1: Ground out 6-3 (Groundball, 6, EV 101.2 MPH)
|
Batting: LHB Jayden Pelayo
|
0-0: Ball 1-0: Foul Ball, location: 2F 1-1: Called Strike 1-2: Strikes out swinging
|
Top of the 1st over - 0 runs, 1 hit, 0 errors, 1 left on base; University of Southern California 0 - University of Alabama 0 |
BOTTOM OF THE 1ST |
University of Alabama Crimson Tide batting - Pitching for University of Southern California Trojans : LHP Jerry Tyson
|
Pitching: LHP Jerry Tyson
|
|
Batting: RHB Juan Alvarez
|
0-0: Called Strike 0-1: Foul Ball, location: 2F 0-2: Foul Ball, location: 2F 0-2: Strikes out looking
|
Batting: LHB Prince Nunley
|
0-0: DOUBLE (Flyball, 78D, EV 101.2 MPH)
|
Batting: RHB Er Le
|
0-0: Ball 1-0: Ball 2-0: Called Strike 2-1: Foul Ball, location: 2F 2-2: Ball 3-2: DOUBLE (Line Drive, 8LXD, EV 105.0 MPH) Prince Nunley scores
|
Batting: RHB Jim Unknown
|
0-0: Called Strike Er Le steals 3rd, throwing error, E2 Er Le scores 0-1: Swinging Strike 0-2: Ball 1-2: Strikes out swinging
|
Batting: RHB Hugo Chavez
|
0-0: Swinging Strike 0-1: Called Strike 0-2: SOLO HOME RUN (Flyball, 78XD, EV 113.8 MPH), Distance : 408 ft
|
Batting: RHB Jose Cuellar
|
0-0: Fly out, F8 (Flyball, 8LD, EV 86.2 MPH)
|
Bottom of the 1st over - 3 runs, 3 hits, 1 error, 0 left on base; University of Southern California 0 - University of Alabama 3 |
TOP OF THE 2ND |
University of Southern California Trojans batting - Pitching for University of Alabama Crimson Tide : RHP Lida Sestak
|
Batting: RHB Toshinori Tajima
|
0-0: SINGLE (Groundball, 34, EV 108.8 MPH)
|
Batting: RHB Paul Ngumi
|
0-0: Ball 1-0: Foul Ball, location: 2F 1-1: Called Strike 1-2: Ball 2-2: Ball 3-2: Fielders Choice at 2nd, 5-4 (Groundball, 56S, EV 93.1 MPH)
|
Batting: RHB Dennis Tempel
|
0-0: Ball 1-0: Foul Ball, location: 2F 1-1: Ball 2-1: Called Strike 2-2: SINGLE (Groundball, 6D, EV 105.6 MPH) Paul Ngumi to second
|
Batting: SHB Jason Keys
|
0-0: Swinging Strike 0-1: Called Strike 0-2: Foul Ball, location: 2F 0-2: Foul Ball, location: 2F 0-2: Ground out U3 (Groundball, 3S, EV 71.9 MPH) Paul Ngumi to third Dennis Tempel to second
|
Batting: RHB Donovan Deason
|
0-0: Ball 1-0: Foul Ball, location: 2F 1-1: Swinging Strike 1-2: Foul Ball, location: 2F 1-2: Foul Ball, location: 2F 1-2: Foul Ball, location: 2F 1-2: SINGLE (Groundball, 4MD, EV 100.6 MPH) Paul Ngumi scores Dennis Tempel to third Runner from 3rd tries for Home, SAFE, throw by CF to home
|
Batting: LHB Jackson Wither
|
0-0: Ball 1-0: Ball 2-0: Ball 3-0: Base on Balls Donovan Deason to second
|
Batting: RHB Dermott Ayliffe
|
0-0: Ball 1-0: Called Strike 1-1: Ball 2-1: Fly out, F9 (Flyball, 9LM, EV 90.6 MPH)
|
Top of the 2nd over - 2 runs, 3 hits, 0 errors, 2 left on base; University of Southern California 2 - University of Alabama 3 |
BOTTOM OF THE 2ND |
University of Alabama Crimson Tide batting - Pitching for University of Southern California Trojans : LHP Jerry Tyson
|
Batting: RHB Juan Araiza
|
0-0: Swinging Strike 0-1: Ball 1-1: Called Strike 1-2: SINGLE (Groundball, 6MD, EV 107.5 MPH)
|
Batting: LHB Eddie Corona
|
0-0: Ball 1-0: Called Strike 1-1: Ball 2-1: Ball 3-1: SINGLE (Groundball, 34, EV 98.8 MPH) Juan Araiza to second Runner from 2nd tries for 3rd, SAFE, throw by RF made to third
|
Batting: RHB Jose Benavidez
|
0-0: Called Strike 0-1: Ball 1-1: Ball 2-1: Ball 3-1: Base on Balls Eddie Corona to second
|
Batting: RHB Juan Alvarez
|
0-0: Foul Ball, location: 2F 0-1: Grounds into double play, 3-6-3 (Groundball, 3S, EV 78.1 MPH) Juan Araiza scores Eddie Corona to third
|
Batting: LHB Prince Nunley
|
0-0: Swinging Strike 0-1: Swinging Strike 0-2: Ball Wild Pitch! Eddie Corona scores 1-2: Ball 2-2: Strikes out swinging
|
Bottom of the 2nd over - 2 runs, 2 hits, 0 errors, 0 left on base; University of Southern California 2 - University of Alabama 5 |
TOP OF THE 3RD |
University of Southern California Trojans batting - Pitching for University of Alabama Crimson Tide : RHP Lida Sestak
|
Batting: RHB Carlos Livas
|
0-0: SINGLE (Line Drive, 9S, EV 108.1 MPH)
|
Batting: LHB Jayden Pelayo
|
0-0: Ball 1-0: Called Strike 1-1: Ball 2-1: Swinging Strike Pickoff Throw to First - Error! E1 Carlos Livas to second 2-2: Strikes out looking
|
Batting: RHB Toshinori Tajima
|
0-0: Called Strike 0-1: Swinging Strike 0-2: Ball 1-2: Ball 2-2: Ball 3-2: Strikes out swinging
|
Batting: RHB Paul Ngumi
|
0-0: Called Strike 0-1: Ball 1-1: Swinging Strike 1-2: Strikes out looking
|
Top of the 3rd over - 0 runs, 1 hit, 1 error, 1 left on base; University of Southern California 2 - University of Alabama 5 |
BOTTOM OF THE 3RD |
University of Alabama Crimson Tide batting - Pitching for University of Southern California Trojans : LHP Jerry Tyson
|
Batting: RHB Er Le
|
0-0: Foul Ball, location: 2F 0-1: Called Strike 0-2: Foul Ball, location: 2F 0-2: Ball 1-2: Ground out 4-3 (Groundball, 4, EV 105.6 MPH)
|
Batting: RHB Jim Unknown
|
0-0: Foul Ball, location: 2F 0-1: Foul Ball, location: 2F 0-2: Ball 1-2: Strikes out swinging, 2-3 out at first.
|
Batting: RHB Hugo Chavez
|
0-0: Ground out 6-3 (Groundball, 6, EV 86.2 MPH)
|
Bottom of the 3rd over - 0 runs, 0 hits, 0 errors, 0 left on base; University of Southern California 2 - University of Alabama 5 |
TOP OF THE 4TH |
University of Southern California Trojans batting - Pitching for University of Alabama Crimson Tide : RHP Lida Sestak
|
Batting: RHB Dennis Tempel
|
0-0: Foul Ball, location: 2F 0-1: Foul Ball, location: 2F 0-2: Ball 1-2: Foul Ball, location: 2F 1-2: Foul Ball, location: 2F 1-2: Ball 2-2: Ground out 6-3 (Groundball, 6, EV 101.9 MPH)
|
Batting: SHB Jason Keys
|
0-0: Ground out 3-1 (Groundball, 34D, EV 80.0 MPH)
|
Batting: RHB Donovan Deason
|
0-0: Ball 1-0: Called Strike 1-1: Ground out 4-3 (Groundball, 4, EV 83.8 MPH)
|
Top of the 4th over - 0 runs, 0 hits, 0 errors, 0 left on base; University of Southern California 2 - University of Alabama 5 |
BOTTOM OF THE 4TH |
University of Alabama Crimson Tide batting - Pitching for University of Southern California Trojans : LHP Jerry Tyson
|
Batting: RHB Jose Cuellar
|
0-0: Ground out 5-3 (Groundball, 5S, EV 93.8 MPH)
|
Batting: RHB Juan Araiza
|
0-0: Swinging Strike 0-1: Ball 1-1: Ball 2-1: Foul Ball, location: 2F 2-2: Foul Ball, location: 2F 2-2: Ball 3-2: Foul Ball, location: 2F 3-2: Foul Ball, location: 2F 3-2: Ground out 5-3 (Groundball, 5, EV 83.8 MPH)
|
Batting: LHB Eddie Corona
|
0-0: Swinging Strike 0-1: Ball 1-1: Fly out, F8 (Flyball, 8LD, EV 104.4 MPH)
|
Bottom of the 4th over - 0 runs, 0 hits, 0 errors, 0 left on base; University of Southern California 2 - University of Alabama 5 |
TOP OF THE 5TH |
University of Southern California Trojans batting - Pitching for University of Alabama Crimson Tide : RHP Lida Sestak
|
Batting: LHB Jackson Wither
|
0-0: Called Strike 0-1: Fly out, F9 (Flyball, 9, EV 93.8 MPH)
|
Batting: RHB Dermott Ayliffe
|
0-0: Called Strike 0-1: Ball 1-1: Foul Ball, location: 2F 1-2: Strikes out looking
|
Batting: RHB Carlos Livas
|
0-0: Ball 1-0: Swinging Strike 1-1: Ball 2-1: Ground out 5-3 (Groundball, 56, EV 103.1 MPH)
|
Top of the 5th over - 0 runs, 0 hits, 0 errors, 0 left on base; University of Southern California 2 - University of Alabama 5 |
BOTTOM OF THE 5TH |
University of Alabama Crimson Tide batting - Pitching for University of Southern California Trojans : LHP Jerry Tyson
|
Batting: RHB Jose Benavidez
|
0-0: Called Strike 0-1: Called Strike 0-2: Strikes out swinging
|
Pitching: RHP John Killough
|
|
Batting: RHB Juan Alvarez
|
0-0: Ball 1-0: Ball 2-0: Called Strike 2-1: Called Strike 2-2: Ball 3-2: Strikes out looking
|
Batting: LHB Prince Nunley
|
0-0: Called Strike 0-1: Ball 1-1: SINGLE (Groundball, 4D, EV 98.1 MPH)
|
Batting: RHB Er Le
|
0-0: Fly out, F8 (Flyball, 8RD, EV 96.2 MPH)
|
Bottom of the 5th over - 0 runs, 1 hit, 0 errors, 1 left on base; University of Southern California 2 - University of Alabama 5 |
TOP OF THE 6TH |
University of Southern California Trojans batting - Pitching for University of Alabama Crimson Tide : RHP Lida Sestak
|
Pitching: RHP Gabriel Bass
|
|
Batting: LHB Jayden Pelayo
|
0-0: Ball 1-0: Called Strike 1-1: Swinging Strike 1-2: Ball 2-2: Foul Ball, location: 2F 2-2: Foul Ball, location: 2F 2-2: Strikes out swinging
|
Batting: RHB Toshinori Tajima
|
0-0: Ball 1-0: Foul Ball, location: 2F 1-1: Ball 2-1: Reached on error, E6 (Groundball, 6, EV 107.5 MPH)
|
Batting: RHB Paul Ngumi
|
0-0: Foul Ball, location: 2F 0-1: Foul Ball, location: 2F 0-2: Ball 1-2: Ball 2-2: Ball 3-2: Fielders Choice at 2nd, 6-4 (Groundball, 6, EV 84.4 MPH)
|
Batting: RHB Dennis Tempel
|
0-0: Called Strike 0-1: Ball 1-1: Ball 2-1: Ball 3-1: Called Strike 3-2: Base on Balls Paul Ngumi to second
|
Batting: SHB Jason Keys
|
0-0: Called Strike 0-1: Ball 1-1: Ball 2-1: Swinging Strike 2-2: Foul Ball, location: 2F 2-2: Fielders Choice at 2nd, 6-4 (Groundball, 6, EV 88.8 MPH)
|
Top of the 6th over - 0 runs, 0 hits, 1 error, 2 left on base; University of Southern California 2 - University of Alabama 5 |
BOTTOM OF THE 6TH |
University of Alabama Crimson Tide batting - Pitching for University of Southern California Trojans : RHP John Killough
|
Batting: RHB Jim Unknown
|
0-0: Ball 1-0: Foul Ball, location: 2F 1-1: Ball 2-1: Swinging Strike 2-2: Ball 3-2: Ground out 6-3 (Groundball, 6, EV 105.6 MPH)
|
Batting: RHB Hugo Chavez
|
0-0: Called Strike 0-1: Ball 1-1: Hit by Pitch
|
Batting: RHB Jose Cuellar
|
0-0: Called Strike 0-1: Swinging Strike 0-2: DOUBLE (Line Drive, 7LD, EV 107.5 MPH) Hugo Chavez to third Runner from 3rd tries for Home, SAFE, throw by LF to home
|
Batting: RHB Juan Araiza
|
0-0: Fly out, F4 (Popup, 4M, EV 76.2 MPH)
|
Batting: LHB Eddie Corona
|
0-0: Called Strike 0-1: Foul Ball, location: 2F 0-2: Strikes out looking
|
Bottom of the 6th over - 1 run, 1 hit, 0 errors, 1 left on base; University of Southern California 2 - University of Alabama 6 |
TOP OF THE 7TH |
University of Southern California Trojans batting - Pitching for University of Alabama Crimson Tide : RHP Gabriel Bass
|
Pitching: RHP Marco Soto
|
|
Batting: RHB Donovan Deason
|
0-0: Ground out 5-3 (Groundball, 56, EV 78.8 MPH)
|
Batting: LHB Jackson Wither
|
0-0: Ball 1-0: Foul Ball, location: 2F 1-1: Foul Ball, location: 2F 1-2: Foul Ball, location: 2F 1-2: Fly out, F8 (Flyball, 78D, EV 106.2 MPH)
|
Batting: RHB Dermott Ayliffe
|
0-0: Ball 1-0: Fly out, F9 (Flyball, 89M, EV 85.6 MPH)
|
Top of the 7th over - 0 runs, 0 hits, 0 errors, 0 left on base; University of Southern California 2 - University of Alabama 6 |
BOTTOM OF THE 7TH |
University of Alabama Crimson Tide batting - Pitching for University of Southern California Trojans : RHP John Killough
|
Pitching: LHP Chris Kettenhofen
|
|
Batting: RHB Jose Benavidez
|
0-0: SINGLE (Line Drive, 7S, EV 91.2 MPH)
|
Batting: RHB Juan Alvarez
|
0-0: Ball 1-0: Foul Ball, location: 2F 1-1: Ball 2-1: SINGLE (Flyball, 34D, EV 91.2 MPH) Jose Benavidez to second
|
Batting: LHB Prince Nunley
|
0-0: Ball 1-0: Bunted foul 1-1: Bunt missed! 1-2: Ball 2-2: SINGLE (Line Drive, 7S, EV 100.0 MPH) Jose Benavidez to third Juan Alvarez to second
|
Batting: RHB Er Le
|
0-0: Called Strike 0-1: Foul Ball, location: 2F 0-2: Ball 1-2: Ball 2-2: Foul Ball, location: 2F 2-2: Ball 3-2: Base on Balls Jose Benavidez scores Juan Alvarez to third Prince Nunley to second
|
Batting: RHB Jim Unknown
|
0-0: Ball 1-0: Ball 2-0: Ball 3-0: Called Strike 3-1: Foul Ball, location: 2F 3-2: Foul Ball, location: 2F 3-2: Base on Balls Juan Alvarez scores Prince Nunley to third Er Le to second
|
Batting: RHB Hugo Chavez
|
0-0: Called Strike 0-1: Swinging Strike 0-2: Foul Ball, location: 2F 0-2: Ball 1-2: Strikes out swinging
|
Batting: RHB Jose Cuellar
|
0-0: GRAND SLAM HOME RUN (Flyball, 78XD, EV 103.1 MPH), Distance : 402 ft
|
Pitching: RHP Jim Unknown
|
|
Batting: RHB Juan Araiza
|
0-0: Called Strike 0-1: Ball 1-1: Called Strike 1-2: Ground out 6-3 (Groundball, 6, EV 89.4 MPH)
|
Batting: LHB Eddie Corona
|
0-0: Ball 1-0: Ground out 4-3 (Groundball, 4, EV 81.2 MPH)
|
Bottom of the 7th over - 6 runs, 4 hits, 0 errors, 0 left on base; University of Southern California 2 - University of Alabama 12 |
TOP OF THE 8TH |
University of Southern California Trojans batting - Pitching for University of Alabama Crimson Tide : RHP Marco Soto
|
Batting: RHB Carlos Livas
|
0-0: Foul Ball, location: 2F 0-1: SOLO HOME RUN (Line Drive, 7D, EV 98.8 MPH), Distance : 368 ft
|
Batting: LHB Jayden Pelayo
|
0-0: Called Strike 0-1: Ground out 5-3 (Groundball, 56S, EV 86.2 MPH)
|
Pinch Hitting: LHB Kien-lung Zou
|
0-0: SINGLE (Groundball, 56, EV 96.9 MPH)
|
Batting: RHB Paul Ngumi
|
0-0: Called Strike 0-1: Ball 1-1: Foul Ball, location: 2F 1-2: Ball 2-2: SINGLE (Flyball, 78S, EV 93.8 MPH) Kien-lung Zou to second
|
Batting: RHB Dennis Tempel
|
0-0: Called Strike 0-1: SINGLE (Flyball, 9LM, EV 93.8 MPH) Kien-lung Zou to third Paul Ngumi to second Runner from 3rd tries for Home, throw by RF and OUT! 9-2
|
Batting: SHB Jason Keys
|
0-0: Ball 1-0: Foul Ball, location: 2F 1-1: Ground out 4-3 (Groundball, 4M, EV 96.2 MPH)
|
Top of the 8th over - 1 run, 4 hits, 0 errors, 2 left on base; University of Southern California 3 - University of Alabama 12 |
BOTTOM OF THE 8TH |
University of Alabama Crimson Tide batting - Pitching for University of Southern California Trojans : RHP Jim Unknown
|
Now in RF: Kien-lung Zou
|
|
Batting: RHB Jose Benavidez
|
0-0: Ball 1-0: Ball 2-0: Ball 3-0: Base on Balls
|
Batting: RHB Juan Alvarez
|
0-0: Foul Ball, location: 2F 0-1: Ball 1-1: Called Strike 1-2: Ball Wild Pitch! Jose Benavidez to second 2-2: Ground out 6-3 (Groundball, 6, EV 85.0 MPH)
|
Batting: LHB Prince Nunley
|
0-0: Ball 1-0: Ball 2-0: Ball 3-0: Base on Balls
|
Batting: RHB Er Le
|
0-0: Foul Ball, location: 2F 0-1: Ball 1-1: Ball 2-1: Ball Wild Pitch! Jose Benavidez to third Prince Nunley to second 3-1: Foul Ball, location: 2F 3-2: DOUBLE (Line Drive, 78D, EV 103.8 MPH) Jose Benavidez scores Prince Nunley scores
|
Batting: RHB Jim Unknown
|
0-0: Ball 1-0: Reached on error, E4 (Groundball, 4, EV 83.8 MPH) Er Le to third
|
Batting: RHB Hugo Chavez
|
0-0: Called Strike 0-1: Fly out, F9 (Flyball, 9LM, EV 95.6 MPH) Runner from 3rd tags up, SCORES, throw by RF
|
Batting: RHB Jose Cuellar
|
0-0: Called Strike 0-1: Ball 1-1: Called Strike 1-2: Fielders Choice at 2nd, 6-4 (Groundball, 6, EV 105.0 MPH)
|
Bottom of the 8th over - 3 runs, 1 hit, 1 error, 1 left on base; University of Southern California 3 - University of Alabama 15 |
TOP OF THE 9TH |
University of Southern California Trojans batting - Pitching for University of Alabama Crimson Tide : RHP Marco Soto
|
Batting: RHB Donovan Deason
|
0-0: DOUBLE (Flyball, 8LD, EV 95.0 MPH)
|
Pinch Hitting: RHB Akira Ishihara
|
0-0: SINGLE (Line Drive, 9LS, EV 99.4 MPH) Donovan Deason to third
|
Pinch Hitting: LHB David Mendez
|
0-0: Foul Ball, location: 2F 0-1: Ball 1-1: Ball 2-1: Foul Ball, location: 2F 2-2: Ball 3-2: Foul Ball, location: 2F 3-2: Strikes out swinging
|
Pitching: RHP Alejandro Gomez
|
|
Batting: RHB Carlos Livas
|
0-0: DOUBLE (Line Drive, 9LS, EV 91.9 MPH) Donovan Deason scores Akira Ishihara to third
|
Batting: LHB Jayden Pelayo
|
0-0: Called Strike 0-1: Ball 1-1: 3-RUN HOME RUN (Flyball, 7D, EV 99.4 MPH), Distance : 364 ft
|
Batting: LHB Kien-lung Zou
|
0-0: Called Strike 0-1: Called Strike 0-2: Ball 1-2: Ball 2-2: Reached on error, E4 (Groundball, 4, EV 83.8 MPH)
|
Batting: RHB Paul Ngumi
|
0-0: Ball 1-0: Foul Ball, location: 2F 1-1: Ball 2-1: Ground out 5-3 (Groundball, 56, EV 94.4 MPH)
|
Batting: RHB Dennis Tempel
|
0-0: Swinging Strike 0-1: Called Strike 0-2: Strikes out swinging
|
Top of the 9th over - 4 runs, 4 hits, 1 error, 1 left on base; University of Southern California 7 - University of Alabama 15 |
|